 Dungeon Crawl Stone Soup version 0.19-a0-1051-gdb7e7f8 (webtiles) character file.

31088 aronpayne the Fighter (level 13, -1/113 HPs)
             Began as a Human Berserker on July 29, 2016.
             Was an Elder of Trog.
             Slain by a death yak (22 damage)
             ... on level 6 of the Lair of Beasts on Aug 1, 2016.
             The game lasted 01:09:57 (12851 turns).

aronpayne the Fighter (Human Berserker)            Turns: 12851, Time: 01:09:57

Health: -1/113     AC: 22    Str: 21    XL:     13   Next: 93%
Magic:  13/13      EV: 23    Int:  9    God:    Trog [****..]
Gold:   1214       SH:  0    Dex: 13    Spells: 0 memorised, 12 levels left

rFire  . . .     SeeInvis +     K - +1 dire flail (protect)
rCold  . . .     Gourm    .     v - +5 ring mail of the Planets {rPois Regen+ SInv Stlth-}
rNeg   . . .     Faith    .     (shield currently unavailable)
rPois  +         Spirit   .     h - +0 helmet
rElec  .         Dismiss  +     o - +1 cloak {rPois}
rCorr  .         Reflect  .     x - +0 pair of gloves
SustAt .         Harm     .     (no boots)
MR     ++...                    n - amulet of dismissal
Stlth  +.........               w - ring of stealth
                                m - +6 ring of evasion

@: exhausted, regenerating, slowed, very slow, very resistant to hostile
enchantments, very unstealthy
A: no striking features
a: Berserk, Trog's Hand, Brothers in Arms, Burn Spellbooks, Renounce Religion


You were on level 6 of the Lair of Beasts.
You worshipped Trog.
Trog was greatly pleased with you.
You were near starving.

You visited 2 branches of the dungeon, and saw 15 of its levels.
You also visited: Ice Cave.

You collected 1214 gold pieces.

Inventory:

Hand Weapons
 b - a +3 whip of flaming
 t - a +2 whip of draining
 K - a +1 dire flail of protection (weapon)
Armour
 a - a +1 plate armour
 f - a +0 steam dragon armour
 h - a +0 helmet (worn)
 o - a +1 cloak of poison resistance (worn)
 v - the +5 ring mail of the Planets (worn) {rPois Regen+ SInv Stlth-}
   (You found it on level 7 of the Dungeon)

   It protects you from poison.
   It lets you see invisible.
   It increases your rate of regeneration.
   It makes you less stealthy.
 x - a +0 pair of gloves (worn)
Jewellery
 m - a +6 ring of evasion (left hand)
 n - an amulet of dismissal (around neck)
 w - a ring of stealth (right hand)
 D - an uncursed ring of see invisible
 Q - an uncursed amulet of guardian spirit
Wands
 i - a wand of lightning (5/15)
 p - a wand of lightning (1/15)
 y - a wand of confusion (28/48)
 M - a wand of iceblast (8/15)
 P - a wand of acid (9/15)
Scrolls
 e - 2 scrolls of fear
 j - 2 scrolls of teleportation
 l - 10 scrolls of remove curse
 q - 3 scrolls of blinking
 B - a scroll of recharging
 I - a scroll of summoning
 O - a scroll of magic mapping
Potions
 g - a potion of ambrosia
 k - 2 potions of lignification
 r - a potion of agility
 s - 4 potions of brilliance
 u - 3 potions of resistance {unknown}
 z - a potion of invisibility
 C - 5 potions of flight {unknown}
 E - 6 potions of berserk rage {unknown}
 G - 4 potions of might {unknown}
 H - 2 potions of heal wounds {unknown}
Comestibles
 c - 12 bread rations
 d - 9 fruits
 A - 7 slices of pizza
 F - 2 chunks of flesh
 J - a beef jerky
 N - a royal jelly
 R - a meat ration


   Skills:
 * Level 14.3 Fighting
 + Level 10.9 Maces & Flails
 + Level 10.2 Armour
 + Level 10.5 Dodging


You had 12 spell levels left.
You didn't know any spells.

Dungeon Overview and Level Annotations

Branches:
Dungeon (9/15)             Temple (0/1) D:7            Lair (6/6) D:8
  Swamp (0/4) Lair:3       Spider (0/4) Lair:2          Orc (0/2) D:9
  Slime: Lair:5-6

Altars:
Ashenzari
Dithmenos
Elyvilon
Fedhas
Kikubaaqudgha
Nemelex Xobeh
Pakellas
Qazlal
Ru
Trog
Vehumet
Zin


Message History

The death yak gores the plant!
The death yak closely misses you. The death yak gores you.
* * * LOW HITPOINT WARNING * * *
Number of times to repeat, then command key: You must enter the number of times for the command to repeat.
You hit the death yak but do no damage.
The death yak is almost dead.
The death yak gores the plant.
The death yak gores you but does no damage.
The death yak closely misses you.
Some of the chunks of flesh in your inventory have rotted away.
You hit the death yak but do no damage.
The death yak is almost dead.
The death yak gores the fungus!
The death yak gores you!
* * * LOW HITPOINT WARNING * * *
Your amulet of dismissal vibrates suddenly!
The death yak disappears!
The death yak barely misses you. The death yak misses you.
The death yak gores you!!
You die...

#..##..........
.............(..
.................
.................
.................
..............PP.........
...#....P................ P
#.....Y................
..###.....@P..≈≈≈.....≈≈≈..
..P.......PY..≈PP≈.P≈≈≈≈≈..
<..P..........≈≈≈≈≈P≈PP≈≈..
.....P........PP≈≈PP≈P≈≈P..
...#..#.P...P.≈≈≈≈≈P≈≈≈≈≈..
...#P.#...PP..≈≈≈≈≈≈≈P≈≈†..
..........P.P♣≈≈≈≈≈≈≈≈≈≈P♣.
.........PP..♣≈≈≈≈≈≈≈≈≈≈≈♣.
...###PP###.♣♣♣≈≈≈≈≈≈≈≈≈≈♣♣


You could see 2 death yaks.

Vanquished Creatures
  A white draconian (IceCv)
  Snorg (Lair:3)
  4 hydras
  Harold (Lair:3)
  A catoblepas (Lair:2)
  The ghost of p0werm0de the Martial Artist, a novice OpMo of Xom (D:8)
  Pikel (D:7)
  2 griffons (Lair:5)
  4 black mambas
  Maurice (D:9)
  10 spiny frogs
  3 komodo dragons
  A rime drake (Lair:5)
  2 ice devils (Lair:2)
  13 polar bears
  11 blink frogs
  A boulder beetle (Lair:5)
  A human (D:7)
  13 yaks
  A hog (shapeshifter) (D:8)
  2 basilisks
  3 hippogriffs
  8 water moccasins
  5 porcupines
  6 orc warriors
  An ice beast (D:7)
  A black bear (D:9)
  A phantom (D:6)
  3 ogres
  26 wolves
  2 centaurs
  14 crocodiles
  Blork the orc (D:4)
  8 giant frogs
  2 scorpions
  3 killer bees (D:9)
  An electric eel (D:7)
  3 vampire bats (Lair:5)
  A howler monkey (D:5)
  2 jellies
  4 crimson imps
  4 giant frog zombies
  4 hounds
  5 orc priests
  Crazy Yiuf (D:2)
  A centaur skeleton (D:4)
  A giant frog skeleton (D:9)
  Jessica (D:2)
  Ijyb (D:2)
  6 iguanas
  8 orc wizards
  3 worker ants
  13 sheep
  Robin (D:2)
  A worker ant zombie (D:7)
  6 gnolls
  7 adders
  22 river rats
  2 shadow imps (D:8)
  2 oozes
  An adder zombie (D:8)
  2 adder skeletons (D:4)
  4 worms
  3 dart slugs
  4 giant geckos
  45 orcs
  7 giant cockroaches
  9 hobgoblins
  7 jackals
  7 kobolds
  3 quokkas
  15 bats
  3 giant newts
  13 goblins
  2 quokka skeletons
  5 rats
  6 fungi (D:8)
  4 plants
399 creatures vanquished.

Vanquished Creatures (collateral kills)
  Gastronok (Lair:1)
  An ice statue (IceCv)
  A polar bear (IceCv)
  2 yaks (IceCv)
  A wolf (IceCv)
6 creatures vanquished.

Vanquished Creatures (others)
  2 slaves (D:7)
  A centaur (D:7)
  2 orcs (D:7)
  4 fungi
  3 plants
12 creatures vanquished.

Grand Total: 417 creatures vanquished

Notes
Turn   | Place    | Note
-------+----------+-------------------------------------------
     0 | D:1      | aronpayne the Human Berserker began the quest for the Orb.
     0 | D:1      | Reached XP level 1. HP: 18/18 MP: 1/1
   183 | D:1      | Reached XP level 2. HP: 20/24 MP: 2/2
   541 | D:1      | Reached XP level 3. HP: 29/29 MP: 3/3
   599 | D:2      | Reached ** piety under Trog
   629 | D:2      | Found a runed door.
   771 | D:2      | Noticed Jessica
   784 | D:2      | Killed Jessica
   784 | D:2      | Reached XP level 4. HP: 34/37 MP: 4/4
   844 | D:2      | Found an ancient bone altar of Kikubaaqudgha.
   853 | D:2      | Noticed Ijyb
   863 | D:2      | Reached skill level 4 in Fighting
   876 | D:2      | Killed Ijyb
   876 | D:2      | Reached XP level 5. HP: 15/42 MP: 5/5
  1073 | D:2      | Found a stormy altar of Qazlal.
  1088 | D:2      | Noticed Robin
  1112 | D:2      | Killed Robin
  1489 | D:2      | Noticed Crazy Yiuf
  1492 | D:2      | Killed Crazy Yiuf
  1633 | D:3      | Reached *** piety under Trog
  1636 | D:3      | Reached XP level 6. HP: 43/49 MP: 6/6
  2054 | D:4      | Noticed Blork the orc
  2064 | D:4      | Killed Blork the orc
  2064 | D:4      | Reached skill level 5 in Fighting
  2297 | D:4      | Reached XP level 7. HP: 54/56 MP: 7/7
  2418 | D:4      | Found a sparkling altar of Nemelex Xobeh.
  2423 | D:4      | Found a bloodstained altar of Trog.
  2423 | D:4      | Found a shattered altar of Ashenzari.
  2609 | D:5      | Entered Level 5 of the Dungeon
  2645 | D:5      | Found a sacrificial altar of Ru.
  2684 | D:5      | Reached skill level 6 in Fighting
  2716 | D:5      | Reached XP level 8. HP: 29/65 MP: 8/8
  2772 | D:5      | Reached **** piety under Trog
  3161 | D:6      | Upgraded the game from 0.19-a0-1035-gdbfb0c6 to 0.19-a0-1051-gdb7e7f8
  3223 | D:6      | Reached skill level 5 in Maces & Flails
  3401 | D:6      | Reached skill level 7 in Fighting
  3554 | D:6      | Found a shadowy altar of Dithmenos.
  3724 | D:6      | Found a glowing silver altar of Zin.
  3973 | D:7      | Reached skill level 5 in Dodging
  4020 | D:7      | Reached XP level 9. HP: 70/72 MP: 9/9
  4028 | D:7      | Got a pearl-encrusted ring mail
  4039 | D:7      | Identified the +5 ring mail of the Planets {rPois Regen+ SInv Stlth-} (You found it on level 7 of the Dungeon)
  4128 | D:7      | Found a staircase to the Ecumenical Temple.
  4149 | D:7      | Noticed Pikel
  4157 | D:7      | Killed Pikel
  4157 | D:7      | Reached skill level 8 in Fighting
  4157 | D:7      | Reached skill level 5 in Armour
  4167 | D:7      | Got an obsidian-encrusted ring mail
  4204 | D:7      | Identified the +4 ring mail of the Pits of Slime {*Drain rF+++ Regen+ Str-5} (You found it on level 7 of the Dungeon)
  5089 | D:8      | Noticed p0werm0de's ghost (novice OpMo)
  5115 | D:8      | Killed p0werm0de's ghost
  5115 | D:8      | Reached skill level 9 in Fighting
  5115 | D:8      | Reached XP level 10. HP: 70/83 MP: 10/10
  5142 | D:8      | Found a white marble altar of Elyvilon.
  5186 | D:8      | Found a staircase to the Lair.
  5356 | D:8      | Found a radiant altar of Vehumet.
  5867 | D:9      | Found an oddly glowing altar of Pakellas.
  5958 | D:9      | Found a blossoming altar of Fedhas.
  6098 | D:9      | Found a staircase to the Orcish Mines.
  6132 | D:9      | Reached ***** piety under Trog
  6443 | D:9      | Noticed Maurice
  6453 | D:9      | Killed Maurice
  6453 | D:9      | Reached skill level 10 in Fighting
  6733 | Lair:1   | Entered Level 1 of the Lair of Beasts
  6817 | Lair:1   | Noticed a spiny frog
  6822 | Lair:1   | Killed a spiny frog
  7047 | Lair:1   | Reached XP level 11. HP: 82/91 MP: 11/11
  7160 | Lair:1   | Noticed a four-headed hydra
  7169 | Lair:1   | Noticed Gastronok
  7172 | Lair:1   | Killed a four-headed hydra
  7197 | Lair:1   | Killed Gastronok
  7197 | Lair:1   | Reached skill level 11 in Fighting
  8083 | Lair:2   | Noticed a catoblepas
  8108 | Lair:2   | Killed a catoblepas
  8361 | Lair:2   | Found a hole to the Spider Nest.
  8474 | Lair:2   | Found a frozen archway.
  8488 | Lair:2   | Reached XP level 12. HP: 101/101 MP: 12/12
  8514 | IceCv    | Entered an ice cave
  8678 | IceCv    | Reached skill level 12 in Fighting
  8860 | IceCv    | HP: 3/153 [ice statue/shard of ice (21)]
  9185 | IceCv    | Noticed a white draconian
  9235 | IceCv    | Killed a white draconian
 10054 | Lair:3   | Reached skill level 13 in Fighting
 10151 | Lair:3   | Noticed Snorg
 10173 | Lair:3   | Killed Snorg
 10173 | Lair:3   | Reached XP level 13. HP: 81/111 MP: 13/13
 10454 | Lair:3   | Noticed Harold
 10513 | Lair:3   | Killed Harold
 10513 | Lair:3   | Received a gift from Trog
 10513 | Lair:3   | Reached skill level 10 in Maces & Flails
 10599 | Lair:3   | Found a staircase to the Swamp.
 10964 | Lair:4   | Reached skill level 10 in Dodging
 11410 | Lair:4   | Noticed a five-headed hydra
 11421 | Lair:4   | Killed a five-headed hydra
 12055 | Lair:5   | Noticed an eight-headed hydra
 12064 | Lair:5   | Killed an eight-headed hydra
 12064 | Lair:5   | Reached skill level 14 in Fighting
 12220 | Lair:5   | Reached skill level 10 in Armour
 12512 | Lair:6   | Entered Level 6 of the Lair of Beasts
 12585 | Lair:6   | Noticed a five-headed hydra
 12595 | Lair:6   | Killed a five-headed hydra
 12851 | Lair:6   | Slain by a death yak

Vault maps used:
D:1:      dpeg_arrival_simpleton_c, minmay_misc_feat_roman, dk_noncrumbling_2,
          minmay_tromino_v4_a
D:2:      kiku_gazebo_pond_becter, lemuel_crystal_altar, uniq_robin,
          uniq_crazy_yiuf_cottage, uniq_jessica, uniq_iyjb
D:3:      first_bread
D:4:      grunt_temple_overflow_open, uniq_blork_the_orc
D:5:      nicolae_overflow_hidden_temple, hangedman_ru_absence
D:6:      nicolae_dithmenos_the_darkroom, lemuel_round_altar
D:7:      statuecave_lemuel, grunt_livestock, uniq_pikel
D:8:      overflow_temple_1_default, lemuel_coloured_pillars_altar,
          dpeg_oklobed_lair
D:9:      fedhas_altar_4, hiddenorc2_lemuel, johnstein_pakellas_death_squad,
          uniq_maurice
Lair:1:   st_stairs_13, uniq_gastronok
Lair:2:   dummy_spider_entry, portal_ice_cave_demonic_guard
Lair:3:   swamp_mist, grunt_megastairs_2, uniq_harold, uniq_snorg
Lair:4:   minivault_27, minmay_hedge_maze, grunt_megastairs_4, lemuel_fruit_tree
Lair:5:   roderic_batcave
Lair:6:   minmay_lair_end_enchanted_forest, slime_altar_2, lemuel_centaur_altar,
          serial_bayou_shore_a
IceCv:    ice_cave_small_giant

Skill      XL: |  1  2  3  4  5  6  7  8  9 10 11 12 13 |
---------------+----------------------------------------+-----
Fighting       | 4 5 6 7 9 10 11 13 14 | 14.3
Dodging        | 3 4 5 6 7 8 9 10 | 10.5
Maces & Flails | 4 5 6 7 8 9 10 | 10.9
Armour         | 3 4 6 7 8 9 10 | 10.2

Action                   |  1- 3 |  4- 6 |  7- 9 | 10-12 | 13-15 || total
-------------------------+-------+-------+-------+-------+-------++-------
Melee: Mace              |    34 |       |       |       |       ||    34
       Whip              |    32 |   166 |   297 |   890 |    40 ||  1425
       Dire flail        |       |       |       |       |   462 ||   462
Invok: Trog's Hand       |     1 |     1 |     3 |     8 |     3 ||    16
       Berserk           |     1 |     1 |     5 |    13 |     3 ||    23
       Brothers in Arms  |       |       |       |     3 |       ||     3
       Burn Spellbooks   |       |       |       |     1 |       ||     1
  Use: Scroll            |       |    14 |     6 |     4 |     5 ||    29
       Potion            |       |       |       |     4 |     1 ||     5
  Eat: Chunk             |       |     7 |    12 |    21 |    12 ||    52
       Beef jerky        |       |       |     1 |     4 |       ||     5
       Pizza             |       |       |     1 |       |       ||     1
       Meat ration       |       |       |       |     1 |       ||     1
       Fruit             |       |       |       |     3 |       ||     3
Armor: Animal skin       |     7 |       |       |       |       ||     7
       Leather armour    |     7 |       |       |       |       ||     7
       Ring mail         |     7 |     6 |    28 |   151 |   153 ||   345
       Plate armour      |       |    80 |    50 |       |       ||   130
Dodge: Dodged            |    50 |    69 |   184 |   657 |   502 ||  1462
